 Dungeon Crawl Stone Soup version 0.31-a0-977-gc230f8ef24 (webtiles) character file.

Game seed: 15657100121963923835

305 Shayle the Ducker (level 6, 0/38 HPs)
             Began as a Tengu Hexslinger on Oct 29, 2023.
             Slain by Dowan
             ... wielding a +0 dagger
              (2 damage)
             ... on level 4 of the Dungeon.
             The game lasted 00:05:01 (2907 turns).

Shayle the Ducker (Tengu Hexslinger)                Turns: 2907, Time: 00:05:02

Health: 0/38       AC:  7    Str:  8    XL:     6   Next: 39%
Magic:  8/8        EV: 11    Int: 14    God:
Gold:   200        SH:  0    Dex: 18    Spells: 5/7 levels left

rFire   . . .        o - +6 shillelagh "Devastator" {shatter}
rCold   . . .        (no shield)
rNeg    . . .        p - +0 ring mail
rPois   .            (helmet restricted)
rElec   .            (no cloak)
rCorr   .            (no gloves)
SInv    +            (boots unavailable)
Will    .....        (no amulet)
Stlth   +            (no ring)
HPRegen 0.26/turn    (no ring)
MPRegen 0.11/turn

%: acrobat
@: no status effects
A: beak, talons 3, acrobatic, iridescent scales 1, see invisible
a: no special abilities


You were on level 4 of the Dungeon.
You visited 1 branch of the dungeon, and saw 4 of its levels.

You collected 200 gold pieces.

Inventory:

Hand Weapons
 a - a +1 sling
 i - a +3 vampiric dagger
 o - the +6 shillelagh "Devastator" (weapon) {shatter}
   (You found it on level 3 of the Dungeon)
 w - a +3 dagger of venom
Armour
 c - a +0 robe
 p - a +0 ring mail (worn)
Wands
 s - a wand of flame (5)
Scrolls
 b - 3 scrolls of poison
 d - a scroll of noise {unknown}
 e - a scroll of fear {unknown}
 h - a scroll of vulnerability {unknown}
 j - a scroll of amnesia {unknown}
 k - a scroll of teleportation
 m - 4 scrolls of immolation
 r - 2 scrolls of enchant weapon
 t - 2 scrolls of revelation {unknown}
Potions
 g - 2 potions of might
 n - 2 potions of degeneration
 q - 2 potions of haste
 v - a potion of curing {unknown}


   Skills:
 + Level 3.7 Fighting
 + Level 2.8 Maces & Flails
 - Level 2.1 Ranged Weapons
 + Level 4.4 Dodging
 - Level 2.0 Unarmed Combat
 - Level 1.0 Spellcasting
 - Level 2.1 Hexes
 - Level 1.1 Fire Magic


You had 5 spell levels left.
You knew the following spells:

 Your Spells              Type           Power      Damage    Failure   Level
a - Jinxbite              Hex            12%        N/A       45%         2

Your spell library contained the following spells:

 Spells                   Type           Power      Damage    Failure   Level
 Sigil of Binding         Hex            6%         N/A       69%         3
 Inner Flame              Hex/Fire       5%         N/A       77%         3
 Cause Fear               Hex            3%         N/A       97%         4
 Dimensional Bullseye     Hex/Tloc       1%         N/A       99%         4


Dungeon Overview and Level Annotations

Branches:
Dungeon (4/15)
 Temple: D:4-7

Altars:

Annotations:
D:4 Dowan, Duvessa


Innate Abilities, Weirdness & Mutations

You have a beak for a mouth.
You have claws for feet.
You can magically evade attacks while moving or waiting.
You are partially covered in iridescent scales. (AC +2)
You have supernaturally acute eyesight. (SInv)


Message History

Dowan points at you and mumbles some strange words.
The puff of flame misses you.
You see here a fuming green potion.
Duvessa completely misses you.
There is an open door here.
Dowan gestures wildly while chanting.
Dowan blinks!
You hit Dowan.
Dowan shudders.
Dowan is heavily wounded.
You claw Dowan. Your peck misses Dowan.
Dowan is severely wounded.
Duvessa hits you with a +0 short sword. Dowan hits you with a +0 dagger.
You barely miss Duvessa. You peck Duvessa, but do no damage.
Duvessa hits you with a +0 short sword. Dowan barely misses you.
Unknown command.
You barely miss Duvessa. Duvessa misses you. Dowan hits you with a +0 dagger.
Duvessa hits you with a +0 short sword! Dowan hits you with a +0 dagger.
Unknown command.
Okay, then.
Okay, then.
It was a potion of haste.
You feel yourself speed up. Duvessa hits you with a +0 short sword.
Dowan hits you with a +0 dagger.
It was a potion of mutation.
You feel extremely strange.
Your vision sharpens.
Iridescent scales grow over part of your body.
It was a potion of enlightenment.
You feel very buoyant.
You fly up into the air.
Duvessa hits you with a +0 short sword.
* * * LOW HITPOINT WARNING * * *
Dowan gestures at you while chanting. The puff of frost hits you!
* * * LOW HITPOINT WARNING * * *
It was a potion of cancellation.
Your magical effects are unravelling.
You feel magically purged.
You feel yourself slow down.
You float gracefully downwards.
Your enlightenment fades.
Duvessa hits you but does no damage. Dowan hits you with a +0 dagger.
You die...

#.........##....# #รท##.#
###.......##....# #.##.#
#...))..###'### #.##.###
####'#### #.# #.##....
#############.######.#####.......
..............##................(
################.###..###########
#e# ##.....### #@# ###...'.# #e#
#...#.# #######'#### #...#.#####
#......!...# #...#..)...
#..........# #...##.....
#..........# #...###....
#######+#### ##### #.... #.)..
#....


You could see Duvessa and Dowan.

Vanquished Creatures
  Menkaure (D:4)
  A jelly (D:4)
  An orc wizard (D:4)
  5 adders
  2 worms (D:3)
  3 dart slugs
  4 orcs (D:4)
  5 ball pythons
  6 endoplasms
  A giant cockroach (D:1)
  12 goblins
  8 hobgoblins
  2 jackals (D:3)
  2 quokkas
  4 bats
  4 frilled lizards
  12 kobolds
  A rat (D:1)
74 creatures vanquished.

Notes
Turn   | Place    | Note
-------+----------+-------------------------------------------
     0 | D:1      | Shayle the Tengu Hexslinger began the quest for the Orb.
     0 | D:1      | Reached XP level 1. HP: 12/12 MP: 3/3
   179 | D:1      | Reached XP level 2. HP: 15/16 MP: 4/4
   469 | D:1      | Reached skill level 1 in Unarmed Combat
   886 | D:1      | Reached XP level 3. HP: 14/21 MP: 5/5
  1184 | D:2      | You fall into a shaft and drop 1 floor!
  1294 | D:3      | Reached skill level 3 in Dodging
  1447 | D:3      | Learned a level 2 spell: Jinxbite
  1505 | D:3      | Reached XP level 4. HP: 19/26 MP: 3/6
  1552 | D:3      | Found the +6 shillelagh "Devastator" {shatter}
  2274 | D:4      | Reached skill level 1 in Maces & Flails
  2394 | D:4      | Reached XP level 5. HP: 28/32 MP: 7/7
  2564 | D:4      | Noticed Menkaure
  2569 | D:4      | Killed Menkaure
  2570 | D:4      | Reached skill level 4 in Dodging
  2570 | D:4      | Reached XP level 6. HP: 20/38 MP: 8/8
  2894 | D:4      | Noticed Duvessa
  2894 | D:4      | Noticed Dowan
  2905 | D:4      | Gained mutation: You have supernaturally acute eyesight.
                  | (SInv) [potion of mutation]
  2905 | D:4      | Gained mutation: You are partially covered in iridescent
                  | scales. (AC +2) [potion of mutation]
  2907 | D:4      | Slain by Dowan

Illustrated notes

Levels and vault maps discovered:
D:1:      spicycebolla_green_bress_n_ham_2, layout_loops_corners,
          minmay_misc_feat_plants
D:2:      layout_loops_ring, st_stairs_2
D:3:      layout_loops_ring, kennysheep_generic_room_3
D:4:      layout_basic, uniq_duvessa, uniq_menkaure, uniq_robin

Skill      XL: |  1  2  3  4  5 |
---------------+----------------+-----
Unarmed Combat | 1 2 |  2.0
Fighting       | 2 3 |  3.7
Dodging        | 3 4 |  4.4
Maces & Flails | 1 2 |  2.8
Ranged Weapons | |  2.1
Spellcasting   | |  1.0
Hexes          | |  2.1
Fire Magic     | |  1.1

Action                     |  1- 3 |  4- 6 || total
---------------------------+-------+-------++-------
  Melee: Shillelagh        |       |    53 ||    53
         Kick              |       |    11 ||    11
         Peck              |       |     4 ||     4
   Fire: Sling             |   113 |    13 ||   126
   Cast: Jinxbite          |     1 |       ||     1
    Use: Potion            |     2 |     4 ||     6
         Scroll            |       |     5 ||     5
   Stab: Distracted        |       |     1 ||     1
 Armour: Robe              |    42 |       ||    42
         Ring mail         |       |    40 ||    40
  Dodge: Dodged            |    61 |    37 ||    98

Table legend: (Time is in decaauts)
 A = Elapsed time spent in this place.
 B = Non-inter-level travel time spent in this place.
 C = Inter-level travel time spent in this place.
 D = Time resting spent in this place.
 E = Time spent auto-exploring this place.
 F = Levels seen in this place.
 G = Mean time per level.
                   A        B        C        D        E       F      G
               +--------+--------+--------+--------+--------+-----+--------+
         Total |   2958 |   2846 |    112 |     52 |   2169 |   4 |  739.5 |
       Dungeon |   2958 |   2846 |    112 |     52 |   2169 |   4 |  739.5 |
               +--------+--------+--------+--------+--------+-----+--------+

Top non-repeatable levels by time:
     D:3: 1044 daAuts
     D:1: 956 daAuts
     D:4: 703 daAuts
     D:2: 253 daAuts
